 Dungeon Crawl Stone Soup version 0.30.1-9-gdf580d7c3d (webtiles) character file.

Game seed: 8565067835360776058

62 pkoi the Insei (level 3, -5/31 HPs)
             Began as a Draconian Monk on Oct 24, 2023.
             Slain by a gnoll
             ... wielding a +0 flail
              (7 damage)
             ... on level 1 of the Dungeon.
             The game lasted 00:01:29 (869 turns).

pkoi the Insei (Draconian Monk)                      Turns: 869, Time: 00:01:30

Health: -5/31      AC:  5    Str: 13    XL:     3   Next: 85%
Magic:  3/3        EV: 12    Int: 12    God:
Gold:   52         SH:  0    Dex: 13    Spells: 2/2 levels left

rFire   . .          .
                       - Unarmed
rCold   . . .        b - orb {light}
rNeg    + . .        (body armour unavailable)
rPois   .            (helmet restricted)
rElec   .            (no cloak)
rCorr   .            (no gloves)
SInv    .            (no boots)
Will    .....        (no amulet)
Stlth   +            c - ring of positive energy
HPRegen 0.25/turn    (no ring)
MPRegen 0.08/turn

%: no passive effects
@: glowing
A: AC +5, unfitting armour, cold-blooded
a: no special abilities


You were on level 1 of the Dungeon.
You visited 1 branch of the dungeon, and saw 2 of its levels.

You collected 52 gold pieces.

Inventory:

Armour
 b - an orb of light (worn)
Jewellery
 c - a ring of positive energy (left hand)
Potions
 a - a potion of ambrosia


   Skills:
 - Level 3.2 Fighting
 - Level 2.6 Dodging
 + Level 4.8 Unarmed Combat


You had 2 spell levels left.
You didn't know any spells.
Your spell library contained the following spells:

 Spells                   Type           Power      Damage    Failure   Level
 Ensorcelled Hibernation  Hex/Ice        0%         N/A       45%         2
 Passwall                 Tmut/Erth      0%         N/A       45%         2
 Dazzling Flash           Conj/Hex       0%         N/A       69%         3
 Swiftness                Air            0%         N/A       69%         3
 Volatile Blastmotes      Fire/Tloc      0%         2d10      69%         3
 Iskenderun's Mystic Bla  Conj/Tloc      0%         2d3       97%         4
 Starburst                Conj/Fire      0%         6d3       100%        6


Dungeon Overview and Level Annotations

Branches:
Dungeon (2/15)

Altars:


Innate Abilities, Weirdness & Mutations

Your plain brown scales are hard. (AC +5)
You cannot fit into any form of body armour.
You are cold-blooded and may be slowed by cold attacks.


Message History

The gnoll hits you with a +0 flail.
You hit the gnoll.
The gnoll is almost dead.
The gnoll hits you with a +0 flail.
You hit the gnoll.
You kill the gnoll!
You see here a +0 flail.
You see here a +0 short sword.
HP restored.
There is a stone staircase leading down here.
You climb downwards.
There is a stone staircase leading up here.
Unknown command.
Unknown command.
Found a leather armour.
The gnoll shouts!
There is a stone staircase leading up here.
Found 6 stones.
The gnoll hits you from afar with a +0 spear.
The gnoll hits you with a +0 spear. The gnoll hits you with a +0 flail.
There is a stone staircase leading up here.
The gnoll hits you with a +0 spear. The gnoll hits you with a +0 flail.
You climb upwards.
There is a stone staircase leading down here.
Unknown command.
You are too injured to fight recklessly!
You hit the gnoll.
The gnoll is heavily wounded.
The gnoll barely misses you. The gnoll hits you with a +0 spear.
You punch the gnoll!
You kill the gnoll!
The gnoll barely misses you. The gnoll hits you with a +0 flail!
* * * LOW HITPOINT WARNING * * *
You see here a +0 spear.
Unknown command.
You barely miss the gnoll.
You tail-slap the gnoll, but do no damage.
The gnoll hits you with a +0 flail!
You die...

..)...###.#....## #..........#
.......#.......####..........#
....>....................)...#
............##..............##
..................###......##
...........###..........####
........................#
...........###..g.......#
...........###..@>#######
#............#....#
#####.#..#.#.######
#####.#..#.#.#
........##...#######
...###.##.....†....#
...#...##..........#
......###..........# ..†####
#..........#


You could see a gnoll.

Vanquished Creatures
  2 gnolls (D:1)
  An adder (D:2)
  A dart slug (D:1)
  4 endoplasms (D:1)
  2 giant cockroaches (D:1)
  A goblin (D:1)
  3 hobgoblins (D:1)
  2 jackals (D:1)
  A quokka (D:2)
  3 ball pythons (D:1)
  4 bats
  2 frilled lizards (D:1)
  4 kobolds
  3 rats (D:1)
33 creatures vanquished.

Notes
Turn   | Place    | Note
-------+----------+-------------------------------------------
     0 | D:1      | pkoi the Draconian Monk began the quest for the Orb.
     0 | D:1      | Reached XP level 1. HP: 19/19 MP: 1/1
   100 | D:1      | Reached XP level 2. HP: 26/26 MP: 2/2
   204 | D:1      | Reached skill level 4 in Unarmed Combat
   502 | D:1      | Reached XP level 3. HP: 31/31 MP: 3/3
   868 | D:1      | HP: 1/31 [gnoll/+0 flail (12)]
   869 | D:1      | Slain by a gnoll

Illustrated notes

Levels and vault maps discovered:
D:1:      onia_arrival_mini_maze_b, layout_rooms
D:2:      layout_rooms, kennysheep_nub

Skill      XL: |  1  2 |
---------------+-------+-----
Unarmed Combat | 4 |  4.8
Fighting       | |  3.2
Dodging        | |  2.6

Action                     || total
---------------------------++-------
  Melee: Unarmed           ||    84
         Tailslap          ||    12
    Use: Potion            ||     3
         Scroll            ||     1
 Armour: Skin              ||    21
  Dodge: Dodged            ||    60
